 Dungeon Crawl Stone Soup version 0.25.0-9-g26727b657a (webtiles) character file.

Game seed: 11443020319544820704

1470 Flugkiller the Chopper (level 8, 26/76 HPs)
             Began as a Deep Dwarf Fighter on June 22, 2020.
             Was an Initiate of Makhleb.
             Quit the game on level 5 of the Dungeon.
             The game lasted 00:02:19 (3012 turns).

Flugkiller the Chopper (Deep Dwarf Fighter)         Turns: 3012, Time: 00:02:19

Health: 26/76      AC:  7    Str: 21    XL:     8   Next: 49%
Magic:  0/0        EV:  7    Int: 10    God:    Makhleb [......]
Gold:   284        SH: 10    Dex: 12    Spells: 7/7 levels left

rFire    + . .     SeeInvis .   a - +0 war axe
rCold    . . .     Gourm    .   c - +0 kite shield
rNeg     . . .     Faith    .   b - +0 scale mail
rPois    .         Spirit   .   (no helmet)
rElec    .         Reflect  .   (no cloak)
rCorr    .         Harm     .   (no gloves)
MR       +....                  (no boots)
Stlth    ..........             (no amulet)
HPRegen  0.00/turn              (no ring)
MPRegen  0.07/turn              f - ring of protection from fire

@: non-regenerating
A: damage resistance, heal wounds, sense surroundings 1, no regeneration
a: Heal Wounds, Renounce Religion


You were on level 5 of the Dungeon.
You worshipped Makhleb.
Makhleb was noncommittal.
You were not hungry.

You visited 2 branches of the dungeon, and saw 6 of its levels.

You collected 284 gold pieces.

Inventory:

Hand Weapons
 a - a +0 war axe (weapon)
Armour
 b - a +0 scale mail (worn)
 c - a +0 kite shield (worn)
Jewellery
 f - a ring of protection from fire (right hand)
   (You found it on level 2 of the Dungeon)
Wands
 k - a wand of iceblast (6)
   (You found it on level 5 of the Dungeon)
 v - a wand of digging (5)
   (You took it off Robin on level 2 of the Dungeon)
Scrolls
 g - a scroll of enchant weapon {unknown}
 l - 2 scrolls of teleportation {unknown}
 n - 2 scrolls of identify {unknown}
 o - a scroll of random uselessness {unknown}
Potions
 d - 4 potions of might
 h - a potion of lignification
 i - 2 potions of brilliance {unknown}
 j - 2 potions of flight {unknown}
 m - 3 potions of curing {unknown}
Comestibles
 e - 4 rations


   Skills:
 * Level 6.2 Fighting
 * Level 7.0 Axes
 + Level 5.5 Armour
 + Level 5.6 Shields
 + Level 1.6 Invocations


You had 7 spell levels left.
You didn't know any spells.
Your spell library was empty.

Dungeon Overview and Level Annotations

Branches:
Dungeon (5/15)             Temple (1/1) D:4

Altars:
Cheibriados
Dithmenos
Elyvilon
Hepliaklqana
Makhleb
Nemelex Xobeh
Sif Muna
Vehumet
Wu Jian
Xom
Yredelemnul
Zin
The Shining One


Innate Abilities, Weirdness & Mutations

You are resistant to damage.
You can heal yourself by infusing magical energy.
You passively map a small area around you.
You do not regenerate.


Message History

Things that are here:
a +0 spear; a +0 scale mail You see here a +0 club.
You see here a +0 spear.
You see here a +0 spear.
You see here a +0 club.
You see here an arrow.
You see here an arrow.
You see here a +0 club.
You see here a +0 spear.
There is an escape hatch in the floor here.
Found a stone staircase leading down.
You now have 284 gold pieces (gained 4).
k - a wand of iceblast (6)
There is a stone staircase leading down here.
Done exploring.
Done exploring.
Unknown command.
Done exploring.
Are you sure you want to abandon this character and quit the game? (Confirm with "yes".)

#.#.#.###...........
#####>#.#.#.......<.....
#.....#.#.###.#...#.####
#.###.#.#.# #...........
#.# #.#.#.# #.#####.####
#.# #.#.#.# #.......[..)
#.# #.#.#.#########.####
#.# #.#.#........##.....
#.###.#@########.#######
#....>..................
#######...........#.....
###########.#####.
#.#..... #.......
###.#### #..... ##....


There were no monsters in sight!

Vanquished Creatures
  Grinder (D:5)
  Sigmund (D:2)
  A sky beast (D:5)
  2 ogres (D:5)
  2 centaurs
  A gnoll sergeant (D:5)
  2 scorpions
  2 crimson imps
  A hound (D:5)
  A jelly (D:5)
  2 orc priests (D:2)
  A bullfrog skeleton (D:5)
  An orc wizard (D:3)
  3 worker ants (D:4)
  Robin (D:2)
  A howler monkey skeleton (D:4)
  5 adders
  5 gnolls (D:5)
  A shadow imp (D:5)
  2 worms
  7 leopard geckos
  16 orcs
  2 giant cockroaches
  13 goblins
  2 hobgoblins (D:2)
  7 jackals
  6 kobolds
  A quokka (D:2)
  3 ball pythons
  4 bats
  7 frilled lizards
  A leopard gecko skeleton (D:4)
  A quokka skeleton (D:4)
  6 rats
112 creatures vanquished.

Notes
Turn   | Place    | Note
-------+----------+-------------------------------------------
     0 | D:1      | Flugkiller the Deep Dwarf Fighter began the quest for the
                  | Orb.
     0 | D:1      | Reached XP level 1. HP: 20/20 MP: 1/1
    94 | D:1      | Reached XP level 2. HP: 20/27 MP: 2/2
   130 | D:2      | Reached XP level 3. HP: 26/34 MP: 3/3
   136 | D:2      | Reached skill level 3 in Axes
   151 | D:2      | Reached XP level 4. HP: 21/42 MP: 3/3
   170 | D:2      | Noticed Sigmund
   217 | D:2      | Killed Sigmund
   217 | D:2      | Reached skill level 4 in Axes
   217 | D:2      | Reached XP level 5. HP: 10/50 MP: 3/3
   217 | D:2      | Reached XP level 6. HP: 11/57 MP: 4/4
   301 | D:2      | Noticed Robin
   309 | D:2      | Killed Robin
   716 | D:4      | Reached skill level 5 in Axes
   874 | D:4      | Reached XP level 7. HP: 30/66 MP: 4/4
   915 | D:4      | Found a sparkling altar of Nemelex Xobeh.
   918 | D:4      | Found the +9 staff of Olgreb {rPois∞}
   931 | D:4      | Found a staircase to the Ecumenical Temple.
   968 | Temple   | Entered the Ecumenical Temple
  1214 | D:4      | Reached skill level 5 in Fighting
  1295 | D:4      | Found an ornate altar of the Wu Jian Council.
  2059 | D:5      | Entered Level 5 of the Dungeon
  2275 | D:5      | Reached skill level 6 in Axes
  2275 | D:5      | Reached skill level 5 in Armour
  2275 | D:5      | Reached skill level 5 in Shields
  2290 | D:5      | Reached XP level 8. HP: 48/75 MP: 2/2
  2491 | D:5      | Found a burning altar of Makhleb.
  2511 | D:5      | Became a worshipper of Makhleb the Destroyer
  2749 | D:5      | Noticed Grinder
  2779 | D:5      | Paralysed by Grinder for 6 turns
  2795 | D:5      | Killed Grinder
  2795 | D:5      | Reached skill level 7 in Axes
  2795 | D:5      | Reached skill level 1 in Invocations
  3012 | D:5      | Quit the game

Illustrated notes

Levels and vault maps discovered:
D:1:      onia_arrival_pyramid, layout_rooms, minivault_24
D:2:      lemuel_upstairs_altar, layout_rooms, first_ration, uniq_robin,
          uniq_sigmund
D:3:      layout_loops_corners
D:4:      layout_layer_cave, kennysheep_mini, nemelex_xobeh_ov_fountains_minmay,
          minmay_temple_entry_large_hall
D:5:      layout_basic, nicolae_overflow_crystal_walls,
          hangedman_decor_peaks_small, uniq_grinder
Temple:   jpeg_temple_alley_garden

Skill      XL: |  1  2  3  4  5  6  7  8 |
---------------+-------------------------+-----
Fighting       | 3 4 5 6 |  6.2
Axes           | 3 4 5 6 7 |  7.0
Armour         | 4 5 |  5.5
Shields        | 4 5 |  5.6
Invocations    | 1 |  1.6

Action                   |  1- 3 |  4- 6 |  7- 9 || total
-------------------------+-------+-------+-------++-------
Melee: War axe           |    56 |   149 |   212 ||   417
 Abil: Heal Wounds       |     2 |     4 |    10 ||    16
  Use: Potion            |       |       |     1 ||     1
  Eat: Chunk             |       |     1 |     5 ||     6
       Ration            |       |       |     1 ||     1
Armor: Scale mail        |    54 |    85 |    90 ||   229
       Skin              |       |       |     7 ||     7
Dodge: Dodged            |    43 |    54 |    61 ||   158
Block: Kite shield       |    65 |    81 |   105 ||   251
